Workbook
Name \s: #N/A
Name _01: #REF!
Name _01: #REF!
Name _01_4: #REF!
Name _01_4: #REF!
Name _10Excel_BuiltIn_Print_Area_1_1_1: #REF!
Name _10Excel_BuiltIn_Print_Area_1_1_1: #REF!
Name _11Excel_BuiltIn_Print_Area_1_1_1_1: #REF!
Name _12Excel_BuiltIn_Print_Area_1_1_1_1_1: #REF!
Name _13Excel_BuiltIn_Print_Area_5_1: #REF!
Name _14Excel_BuiltIn_Print_Area_5_1_1: "$#REF!.$A$1:$F$49"
Name _15Excel_BuiltIn_Print_Area_7_1: #REF!
Name _15Excel_BuiltIn_Print_Area_7_1: #REF!
Name _16ILUM_4_1: "$#REF!.$#REF!$#REF!"
Name _17INTE_4_1: "$#REF!.$#REF!$#REF!"
Name _18PARA_4_1: "$#REF!.$#REF!$#REF!"
Name _1CABO_4_1: "$#REF!.$#REF!$#REF!"
Name _2CAIX_4_1: "$#REF!.$#REF!$#REF!"
Name _3CDT_4_1: "$#REF!.$#REF!$#REF!"
Name _4COND_4_1: "$#REF!.$#REF!$#REF!"
Name _5CONE_4_1: "$#REF!.$#REF!$#REF!"
Name _6DIVE_4_1: "$#REF!.$#REF!$#REF!"
Name _7EQUI_4_1: "$#REF!.$#REF!$#REF!"
Name _8Excel_BuiltIn_Print_Area_1: #REF!
Name _8Excel_BuiltIn_Print_Area_1: #REF!
Name _9Excel_BuiltIn_Print_Area_1_1: #REF!
Name _9Excel_BuiltIn_Print_Area_1_1: #REF!
Name _A99990: '[1]Climatização Prédio DECEA'!#REF!
Name _A99990: '[1]Climatização Prédio DECEA'!#REF!
Name _A99999: '[1]Climatização Prédio DECEA'!#REF!
Name _A99999: '[1]Climatização Prédio DECEA'!#REF!
Name _s: #REF!
Name _s: #REF!
Name Á1: #REF!
Name Á1: #REF!
Name AAAA: #REF!
Name AAAA: #REF!
Name ACRES: #REF!
Name ACRES_4: #REF!
Name Área_impressão_IM: #REF!
Name Área_impressão_IM: #REF!
Name Área_impressão_IM_1: #REF!
Name Área_impressão_IM_1: #REF!
Name Área_impressão_IM_1_4: '[2]ICEA - SJC'!#REF!
Name Área_impressão_IM_1_4: '[2]ICEA - SJC'!#REF!
Name Área_impressão_IM_4: #REF!
Name Área_impressão_IM_4: #REF!
Name arredondamento: #REF!
Name arredondamento: #REF!
Name BBBB: #REF!
Name BBBB: #REF!
Name bdi: #REF!
Name BuiltIn_AutoFilter___1: #REF!
Name CABO: "PQ.$#REF!$#REF!"
Name CABO_2: #REF!
Name CABO_2: #REF!
Name CABO_3: "$#REF!.$#REF!$#REF!"
Name CABO_4: "$#REF!.$#REF!$#REF!"
Name CABO_4_1: "$#REF!.$#REF!$#REF!"
Name CABO_5: "$#REF!.$#REF!$#REF!"

Sheet Orçamento
A1: (razão social da empresa licitante)
A2: (n.º do CNPJ)
A3: ANEXO III-A DO EDITAL DE LICITAÇÃO POR RDC ELETRÔNICO N.º 12/2020
A4: MODELO DE PLANILHA DE ORÇAMENTO PARA EXECUÇÃO DE OBRA POR EMPREITADA POR PREÇO UNITÁRIO
A5: OBRA: execução de obra para adequação de espaço dos pilotis do Bloco A, localizado no Campus do Gragoatá da Universidade Federal Fluminense.
A6: LOCAL: Avenida Visconde do Rio Branco s/n.º, bairro de São Domingos, Niterói - RJ
D8: VALOR ESTIMADO UFF | I8: VALOR PROPOSTO
A9: ITEM | B9: FONTE/ CÓDIGO | C9: DESCRIÇÃO DO ITEM | D9: UNID. | E9: QUANT. | F9: CUSTO UNITÁRIO | G9: BDI (%) | H9: PREÇO UNITÁRIO | I9: % DESCONTO | J9: PREÇO (R$) | M9: TOTAL DO ITEM (R$)
J10: UNITÁRIO | K10: SUBITEM | L10: SERVIÇO
A11: 1 | C11: SERVIÇOS PRELIMINARES | L11: =SUM(K12:K16) -> 24556.256 | M11: =L11 -> 24556.256
A12: 1.1 | B12: TABELA CREA | C12: RECOLHIMENTO ART | D12: UN. | E12: 1 | F12: 226.5 | G12: 0.2212 | H12: =F12*(1+G12) -> 276.6018 | I12: =$I$245 -> 0 | J12: =H12*(1-I12) -> 276.6018 | K12: =J12*E12 -> 276.6018
A13: 1.2 | B13: SINAPI - 04813 | C13: PLACA DE OBRA (PARA CONSTRUCAO CIVIL) EM CHAPA GALVANIZADA *N. 22*, ADESIVADA, M2 AS DE *2,0 X 1,125* M | D13: m2 | E13: =2*1.125 -> 2.25 | F13: 300 | G13: 0.2212 | H13: =F13*(1+G13) -> 366.36 | I13: =$I$245 -> 0 | J13: =H13*(1-I13) -> 366.36 | K13: =J13*E13 -> 824.31
A14: 1.3 | B14: SINAPI - 93584 | C14: EXECUÇÃO DE DEPÓSITO EM CANTEIRO DE OBRA EM CHAPA DE MADEIRA COMPENSADA, NÃO INCLUSO MOBILIÁRIO | D14: m2 | E14: 20 | F14: 639.97 | G14: 0.2212 | H14: =F14*(1+G14) -> 781.53136 | I14: =$I$245 -> 0 | J14: =H14*(1-I14) -> 781.53136 | K14: =J14*E14 -> 15630.627
A15: 1.4 | B15: SBC - 89 | C15: PROJETO "AS BUILT" ARQUITETURA | D15: m² | E15: 354 | F15: 9 | G15: 0.2212 | H15: =F15*(1+G15) -> 10.9908 | I15: =$I$245 -> 0 | J15: =H15*(1-I15) -> 10.9908 | K15: =J15*E15 -> 3890.7432
A16: 1.5 | B16: SBC - 64 | C16: PROJETO "AS BUILT" DEMAIS INSTALAÇÕES | D16: m² | E16: 354 | F16: 9.1 | G16: 0.2212 | H16: =F16*(1+G16) -> 11.11292 | I16: =$I$245 -> 0 | J16: =H16*(1-I16) -> 11.11292 | K16: =J16*E16 -> 3933.9737
A17: 2 | C17: ADMINISTRAÇÃO LOCAL DE OBRA | L17: =SUM(K18) -> 107811.6 | M17: =L17 -> 107811.6
A18: 2.1 | B18: COMPOSIÇÃO 1 FINAL PLANILHA | C18: COMPOSIÇÃO MENSAL DE MÃO DE OBRA ESPECIALIZADA (ENGENHEIRO E MESTRE DE OBRAS) | D18: % | E18: 1 | F18: =14713.887569*6 -> 88283.325 | G18: 0.2212 | H18: =F18*(1+G18) -> 107811.6 | I18: =$I$245 -> 0 | J18: =H18*(1-I18) -> 107811.6 | K18: =J18*E18 -> 107811.6
A20: 3 | C20: DEMOLIÇÃO | L20: =SUM(K21:K23) -> 1776.0622 | M20: =L20 -> 1776.0622
A21: 3.1 | B21: SINAPI - 97635 (REF.) | C21: DEMOLIÇÃO DE PAVIMENTO INTERTRAVADO, DE FORMA MANUAL, COM REAPROVEITAMENTO | D21: m² | E21: 12.61 | F21: 16.42 | G21: 0.2212 | H21: =F21*(1+G21) -> 20.052104 | I21: =$I$245 -> 0 | J21: =H21*(1-I21) -> 20.052104 | K21: =J21*E21 -> 252.85703
A22: 3.2 | B22: SINAPI - 97622 (REF.) | C22: DEMOLIÇÃO DE JARDINEIRAS EM BLOCO FURADO, DE FORMA MANUAL, SEM REAPROVEITAMENTO | D22: m³ | E22: 9.42 | F22: 58.1 | G22: 0.2212 | H22: =F22*(1+G22) -> 70.95172 | I22: =$I$245 -> 0 | J22: =H22*(1-I22) -> 70.95172 | K22: =J22*E22 -> 668.3652
A23: 3.3 | B23: PESQUISA DE MERCADO | C23: REMOÇÃO DE ENTULHO (CAÇAMBA DE 5m³) | D23: un. | E23: 2 | F23: 350 | G23: 0.2212 | H23: =F23*(1+G23) -> 427.42 | I23: =$I$245 -> 0 | J23: =H23*(1-I23) -> 427.42 | K23: =J23*E23 -> 854.84
A25: 4 | C25: ESTRUTURAS | L25: =SUM(K26:K32) -> 95178.71 | M25: =L25 -> 95178.71
A26: 4.1 | B26: SINAPI - 96527 | C26: ESCAVAÇÃO MANUAL DE VALA PARA VIGA BALDRAME, COM PREVISÃO DE FÔRMA | D26: M3 | E26: 35 | F26: 133.31 | G26: 0.2212 | H26: =F26*(1+G26) -> 162.79817 | I26: =$I$245 -> 0 | J26: =H26*(1-I26) -> 162.79817 | K26: =J26*E26 -> 5697.936
A27: 4.2 | B27: SINAPI - 96536 | C27: FABRICAÇÃO, MONTAGEM E DESMONTAGEM DE FÔRMA PARA VIGA BALDRAME, EM MADEIRA SERRADA, E=25 MM, 4 UTILIZAÇÕES | D27: M2 | E27: 260 | F27: 59.67 | G27: 0.2212 | H27: =F27*(1+G27) -> 72.869004 | I27: =$I$245 -> 0 | J27: =H27*(1-I27) -> 72.869004 | K27: =J27*E27 -> 18945.941
A28: 4.3 | B28: SINAPI - 96546 | C28: ARMAÇÃO DE BLOCO, VIGA BALDRAME OU SAPATA UTILIZANDO AÇO CA-50 DE 10 MM - MONTAGEM. | D28: KG | E28: 605 | F28: 9.7 | G28: 0.2212 | H28: =F28*(1+G28) -> 11.84564 | I28: =$I$245 -> 0 | J28: =H28*(1-I28) -> 11.84564 | K28: =J28*E28 -> 7166.6122
A29: 4.4 | B29: SINAPI - 96557 | C29: CONCRETAGEM DE BLOCOS DE COROAMENTO E VIGAS BALDRAMES, FCK 30 MPA, COM USO DE BOMBA LANÇAMENTO, ADENSAMENTO E ACABAMENTO | D29: M3 | E29: 8.5 | F29: 386.95 | G29: 0.2212 | H29: =F29*(1+G29) -> 472.54334 | I29: =$I$245 -> 0 | J29: =H29*(1-I29) -> 472.54334 | K29: =J29*E29 -> 4016.6184
A30: 4.5 | B30: SINAPI - 98557 | C30: IMPERMEABILIZAÇÃO DE SUPERFÍCIE COM EMULSÃO ASFÁLTICA, 2 DEMÃOS AF_06/2018 | D30: M2 | E30: 285 | F30: 33.53 | G30: 0.2212 | H30: =F30*(1+G30) -> 40.946836 | I30: =$I$245 -> 0 | J30: =H30*(1-I30) -> 40.946836 | K30: =J30*E30 -> 11669.848
A31: 4.6 | B31: SINAPI - 92784 | C31: ARMAÇÃO DE LAJE DE UMA ESTRUTURA CONVENCIONAL DE CONCRETO ARMADO EM UMA EDIFICAÇÃO TÉRREA OU SOBRADO UTILIZANDO AÇO CA-60 DE 5,6 MM - MONTAGEM. | D31: KG | E31: 1620 | F31: 12.7 | G31: 0.2212 | H31: =F31*(1+G31) -> 15.50924 | I31: =$I$245 -> 0 | J31: =H31*(1-I31) -> 15.50924 | K31: =J31*E31 -> 25124.969
A32: 4.7 | B32: SINAPI - 97095 | C32: CONCRETAGEM DE RADIER, PISO OU LAJE SOBRE SOLO, FCK 30 MPA, PARA ESPESSURA DE 15 CM - LANÇAMENTO, ADENSAMENTO E ACABAMENTO | D32: M3 | E32: 50 | F32: 369.42 | G32: 0.2212 | H32: =F32*(1+G32) -> 451.1357 | I32: =$I$245 -> 0 | J32: =H32*(1-I32) -> 451.1357 | K32: =J32*E32 -> 22556.785
A34: 5 | C34: PISOS | L34: =SUM(K35:K39) -> 65997.028 | M34: =L34 -> 65997.028
A35: 5.1 | B35: SINAPI - 87642 | C35: CONTRAPISO EM ARGAMASSA TRAÇO 1:4 (CIMENTO E AREIA), PREPARO MANUAL, APLICADO EM ÁREAS SECAS SOBRE LAJE, ADERIDO, ESPESSURA 4CM. | D35: m² | E35: 367.3 | F35: 45.71 | G35: 0.2212 | H35: =F35*(1+G35) -> 55.821052 | I35: =$I$245 -> 0 | J35: =H35*(1-I35) -> 55.821052 | K35: =J35*E35 -> 20503.072
A36: 5.2 | B36: SINAPI - 36155 | C36: FORNECIMENTO DE BLOQUETE/PISO INTERTRAVADO DE CONCRETO - MODELO ONDA/16 FACES/RETANGULAR/TIJOLINHO/PAVER/HOLANDES/PARALELEPIPEDO, 20 CM X 10 CM, E = CM, RESISTENCIA DE 35 MPA (NBR 9781), COR NATURAL | D36: m² | E36: 26.3 | F36: 30.87 | G36: 0.2212 | H36: =F36*(1+G36) -> 37.698444 | I36: =$I$245 -> 0 | J36: =H36*(1-I36) -> 37.698444 | K36: =J36*E36 -> 991.46908
A37: 5.3 | B37: SINAPI - 92396 | C37: EXECUÇÃO DE PASSEIO EM PISO INTERTRAVADO, COM BLOCO RETANGULAR COR NATURAL DE 20 X 10 CM, ESPESSURA 6 CM. | D37: m² | E37: 26.3 | F37: 56.87 | G37: 0.2212 | H37: =F37*(1+G37) -> 69.449644 | I37: =$I$245 -> 0 | J37: =H37*(1-I37) -> 69.449644 | K37: =J37*E37 -> 1826.5256
A38: 5.4 | B38: SINAPI - 87263 | C38: FORNECIMENTO E INSTALAÇÃO DE PISO EM PORCELANATO ESMALTADO ACETINADO, 60x60cm, COM 9,5mm DE ESPESSURA, NÃO RETIFICADO, TEXTURIZADO, SEM RELEVO, COM JUNTA DE ASSENTAMENTO DE 3mm. • REF.: "Sensitive Fendi" da "ELIANE" • COR.: "Bege" | D38: m² | E38: 315.35 | F38: 109.78 | G38: 0.2212 | H38: =F38*(1+G38) -> 134.06334 | I38: =$I$245 -> 0 | J38: =H38*(1-I38) -> 134.06334 | K38: =J38*E38 -> 42276.873
A39: 5.5 | B39: SINAPI - 36178 | C39: PISO PODOTATIL DE CONCRETO - DIRECIONAL E ALERTA, *40 X 40 X 2,5* CM | D39: UN. | E39: 40 | F39: 8.17 | G39: 0.2212 | H39: =F39*(1+G39) -> 9.977204 | I39: =$I$245 -> 0 | J39: =H39*(1-I39) -> 9.977204 | K39: =J39*E39 -> 399.08816
A41: 6 | C41: PAREDES E PAINÉIS | L41: =SUM(K42:K50) -> 181436.78 | M41: =L41 -> 181436.78
A42: 6.1 | B42: SINAPI - 87490 | C42: ALVENARIA DE VEDAÇÃO DE BLOCOS CERÂMICOS FURADOS NA VERTICAL DE 9X19X39CM (ESPESSURA 9CM) DE PAREDES COM ÁREA LÍQUIDA MAIOR OU IGUAL A 6M2 COM VÃOS E ARGAMASSA DE ASSENTAMENTO COM PREPARO MANUAL. | D42: m² | E42: 611 | F42: 44.37 | G42: 0.2212 | H42: =F42*(1+G42) -> 54.184644 | I42: =$I$245 -> 0 | J42: =H42*(1-I42) -> 54.184644 | K42: =J42*E42 -> 33106.817
A43: 6.2 | B43: SINAPI - 87878 | C43: CHAPISCO APLICADO EM ALVENARIAS E ESTRUTURAS DE CONCRETO INTERNAS, COM COLHER DE PEDREIRO. ARGAMASSA TRAÇO 1:3 COM PREPARO MANUAL | D43: m² | E43: 1222 | F43: 4.15 | G43: 0.2212 | H43: =F43*(1+G43) -> 5.06798 | I43: =$I$245 -> 0 | J43: =H43*(1-I43) -> 5.06798 | K43: =J43*E43 -> 6193.0716
A44: 6.3 | B44: SINAPI - 87548 | C44: MASSA ÚNICA, PARA RECEBIMENTO DE PINTURA, EM ARGAMASSA TRAÇO 1:2:8, PREPARO MANUAL, APLICADA MANUALMENTE EM FACES INTERNAS DE PAREDES, ESPESSURA DE 10MM, COM EXECUÇÃO DE TALISCAS. AF_06/2014 | D44: m² | E44: 661 | F44: 23.76 | G44: 0.2212 | H44: =F44*(1+G44) -> 29.015712 | I44: =$I$245 -> 0 | J44: =H44*(1-I44) -> 29.015712 | K44: =J44*E44 -> 19179.386
A45: 6.4 | B45: SINAPI - 87532 | C45: EMBOÇO, PARA RECEBIMENTO DE CERÂMICA, EM ARGAMASSA TRAÇO 1:2:8, PREPARO MANUAL, APLICADO MANUALMENTE EM FACES INTERNAS DE PAREDES, PARA AMBIENTE COM ÁREA ENTRE 5M2 E 10M2, ESPESSURA DE 20MM, COM EXECUÇÃO DE TALISCAS | D45: m² | E45: 561 | F45: 35.15 | G45: 0.2212 | H45: =F45*(1+G45) -> 42.92518 | I45: =$I$245 -> 0 | J45: =H45*(1-I45) -> 42.92518 | K45: =J45*E45 -> 24081.026
A46: 6.5 | B46: SINAPI - 93188 | C46: VERGA MOLDADA IN LOCO EM CONCRETO PARA PORTAS COM ATÉ 1,5 M DE VÃO | D46: ml | E46: 20.5 | F46: 46.76 | G46: 0.2212 | H46: =F46*(1+G46) -> 57.103312 | I46: =$I$245 -> 0 | J46: =H46*(1-I46) -> 57.103312 | K46: =J46*E46 -> 1170.6179
A47: 6.6 | B47: SINAPI - 93189 | C47: VERGA MOLDADA IN LOCO EM CONCRETO PARA PORTAS COM MAIS DE 1,5 M DE VÃO | D47: ml | E47: 2 | F47: 55.07 | G47: 0.2212 | H47: =F47*(1+G47) -> 67.251484 | I47: =$I$245 -> 0 | J47: =H47*(1-I47) -> 67.251484 | K47: =J47*E47 -> 134.50297
A48: 6.7 | B48: SINAPI - 93186 | C48: VERGA MOLDADA IN LOCO EM CONCRETO PARA JANELAS COM ATÉ 1,5 M DE VÃO. | D48: ml | E48: 43.7 | F48: 49.08 | G48: 0.2212 | H48: =F48*(1+G48) -> 59.936496 | I48: =$I$245 -> 0 | J48: =H48*(1-I48) -> 59.936496 | K48: =J48*E48 -> 2619.2249
A49: 6.8 | B49: SINAPI - 88786 (REF.) | C49: REVESTIMENTO CERÂMICO PARA PAREDES EXTERNAS EM PASTILHAS DE PORCELANA 2,5 X 5,0 CM (PLACAS DE 30 X 30 CM), ALINHADAS A PRUMO, APLICADO EM PANOS COM VÃOS. • REF.: MODELO "BRANCO B-2140" DA "ATLAS", OU EQUIVALENTE TÉCNICO - PEI-4 | D49: m² | E49: 313 | F49: 188.48 | G49: 0.2212 | H49: =F49*(1+G49) -> 230.17178 | I49: =$I$245 -> 0 | J49: =H49*(1-I49) -> 230.17178 | K49: =J49*E49 -> 72043.766
A50: 6.9 | B50: SINAPI - 87242 (REF.) | C50: REVESTIMENTO CERÂMICO PARA PAREDES EXTERNAS EM PASTILHAS DE PORCELANA 9,5 X 9,5 CM (PLACAS DE 30 X 30 CM), ALINHADAS A PRUMO, APLICADO EM PANOS COM VÃOS. • REF.: LINHA "ARQ. URBANO NEVE" DA "PORTOBELLO", OU EQUIVALENTE TÉCNICO | D50: m² | E50: 109 | F50: 172.1 | G50: 0.2212 | H50: =F50*(1+G50) -> 210.16852 | I50: =$I$245 -> 0 | J50: =H50*(1-I50) -> 210.16852 | K50: =J50*E50 -> 22908.369
A52: 7 | C52: PINTURA | L52: =SUM(K53:K54) -> 19975.901 | M52: =L52 -> 19975.901
A53: 7.1 | B53: SINAPI - 88497 | C53: APLICAÇÃO E LIXAMENTO DE MASSA LÁTEX EM PAREDES, DUAS DEMÃOS • Ref. da Massa: “SUVINIL MASSA CORRIDA” da “SUVINIL” | D53: m² | E53: 560 | F53: 15.64 | G53: 0.2212 | H53: =F53*(1+G53) -> 19.099568 | I53: =$I$245 -> 0 | J53: =H53*(1-I53) -> 19.099568 | K53: =J53*E53 -> 10695.758
A54: 7.2 | B54: SINAPI - 88489 | C54: APLICAÇÃO MANUAL DE PINTURA COM TINTA LÁTEX ACRÍLICA EM PAREDES, DUAS DEMÃOS • Ref. da Tinta: “SUVINIL ACRÍLICO PREMIUM FOSCO” da “SUVINIL” • Cor: Branco Neve | D54: m² | E54: 560 | F54: 13.57 | G54: 0.2212 | H54: =F54*(1+G54) -> 16.571684 | I54: =$I$245 -> 0 | J54: =H54*(1-I54) -> 16.571684 | K54: =J54*E54 -> 9280.143
A56: 8 | C56: IMPERMEABILIZAÇÃO | L56: =SUM(K57:K59) -> 6147.8261 | M56: =L56 -> 6147.8261
A57: 8.1 | B57: SINAPI - 98560 | C57: IMPERMEABILIZAÇÃO DE PISO COM ARGAMASSA DE CIMENTO E AREIA, COM ADITIVO IMPERMEABILIZANTE, E = 2CM. • Ref.: “SIKATOP 107” da “SIKA” ou equivalente técnico • Cor: Cinza Azulado | D57: m² | E57: 26 | F57: 43.76 | G57: 0.2212 | H57: =F57*(1+G57) -> 53.439712 | I57: =$I$245 -> 0 | J57: =H57*(1-I57) -> 53.439712 | K57: =J57*E57 -> 1389.4325
A58: 8.2 | B58: SINAPI - 98561 | C58: IMPERMEABILIZAÇÃO DE PAREDES COM ARGAMASSA DE CIMENTO E AREIA, COM ADITIVO IMPERMEABILIZANTE, E = 2CM. APLICADA NAS BASES DAS ALVENARIAS, ATENDENTO AO SEGUINTE CRITÉRIO: 30cm DE ALTURA NAS ALVENARIAS INTERNAS. • Ref.: “SIKATOP 107” da “SIKA” ou equivalente técnico • Cor: Cinza Azulado | D58: m² | E58: 55 | F58: 40.17 | G58: 0.2212 | H58: =F58*(1+G58) -> 49.055604 | I58: =$I$245 -> 0 | J58: =H58*(1-I58) -> 49.055604 | K58: =J58*E58 -> 2698.0582
A59: 8.3 | B59: SINAPI - 98561 | C59: IMPERMEABILIZAÇÃO DE PAREDES COM ARGAMASSA DE CIMENTO E AREIA, COM ADITIVO IMPERMEABILIZANTE, E = 2CM. APLICADA NAS BASES DAS ALVENARIAS, ATENDENTO AO SEGUINTE CRITÉRIO: 60cm DE ALTURA NAS ALVENARIAS EXTERNAS. • Ref.: “SIKATOP 107” da “SIKA” ou equivalente técnico • Cor: Cinza Azulado | D59: m² | E59: 42 | F59: 40.17 | G59: 0.2212 | H59: =F59*(1+G59) -> 49.055604 | I59: =$I$245 -> 0 | J59: =H59*(1-I59) -> 49.055604 | K59: =J59*E59 -> 2060.3354
A61: 9 | C61: TETOS E FORROS | L61: =SUM(K62) -> 24273.195 | M61: =L61 -> 24273.195
A62: 9.1 | B62: SINAPI - 3275 | C62: FORRO COMPOSTO POR PAINEIS DE LA DE VIDRO, REVESTIDOS EM PVC MICROPERFURADO, DE *1250 X 625* MM, ESPESSURA 15 MM (COM COLOCAÇÃO) • Ref.: “FORRO TIPO FIBRAROC” da ‘EUCATEX” ou similar | D62: m² | E62: 315.35 | F62: 63.03 | G62: 0.2212 | H62: =F62*(1+G62) -> 76.972236 | I62: =$I$245 -> 0 | J62: =H62*(1-I62) -> 76.972236 | K62: =J62*E62 -> 24273.195
A64: 10 | C64: RODAPÉ | L64: =SUM(K65) -> 3705.9512 | M64: =L64 -> 3705.9512
A65: 10.1 | B65: SINAPI - 88650 | C65: FORNECIMENTO E INSTALAÇÃO DE RODAPÉ CERÂMICO DE 7CM DE ALTURA COM PLACAS TIPO ESMALTADA EXTRA DE DIMENSÕES 60X60CM. (PORCELANATO ESMALTADO ACETINADO, ESPESSURA DE 9,5mm) • Ref.: "Sensitive Fendi" da "ELIANE" • Cor.: "Bege" | D65: mL | E65: 242 | F65: 12.54 | G65: 0.2212 | H65: =F65*(1+G65) -> 15.313848 | I65: =$I$245 -> 0 | J65: =H65*(1-I65) -> 15.313848 | K65: =J65*E65 -> 3705.9512
A67: 11 | C67: SOLEIRA | L67: =SUM(K68) -> 2472.6552 | M67: =L67 -> 2472.6552
A68: 11.1 | B68: SINAPI - 98689 | C68: FORNECIMENTO E INSTALAÇÃO DE SOLEIRA EM GRANITO, LARGURA 15 CM, ESPESSURA 2,0 CM, ACABAMENTO POLIDO EM 1 DOS LADOS. • COR: AMARELO ICARAÍ | D68: mL | E68: 22.5 | F68: 89.99 | G68: 0.2212 | H68: =F68*(1+G68) -> 109.89579 | I68: =$I$245 -> 0 | J68: =H68*(1-I68) -> 109.89579 | K68: =J68*E68 -> 2472.6552
A70: 12 | C70: BANCADAS | L70: =SUM(K71:K72) -> 1800.9769 | M70: =L70 -> 1800.9769
A71: 12.1 | B71: SINAPI - 86889 (REF.) | C71: BANCADA DE GRANITO POLIDO PARA PIA DE COZINHA 2,00 X 0,60 M - FORNECIMENTO E INSTALAÇÃO, ACABAMENTO POLÍDO, ESPESSURA DE 2CM, FRONTISPÍCIO E SAIAS DO MESMO GRANITO INCLUSOS, COM CORTE E FIXAÇÃO DE CUBA (B1) • COR: AMARELO ICARAÍ | D71: un. | E71: 1 | F71: 598.31 | G71: 0.2212 | H71: =F71*(1+G71) -> 730.65617 | I71: =$I$245 -> 0 | J71: =H71*(1-I71) -> 730.65617 | K71: =J71*E71 -> 730.65617
A72: 12.2 | B72: SINAPI - 86895 (REF.) | C72: BANCADA DE GRANITO POLIDO PARA LAVATÓRIO 1,10 X 0,30 M - FORNECIMENTO E INSTALAÇÃO, ACABAMENTO POLÍDO, ESPESSURA DE 2CM, FRONTISPÍCIO E SAIAS DO MESMO GRANITO INCLUSOS, COM CORTE E FIXAÇÃO DE CUBA (B2) • COR: AMARELO ICARAÍ | D72: un. | E72: 3 | F72: 292.15 | G72: 0.2212 | H72: =F72*(1+G72) -> 356.77358 | I72: =$I$245 -> 0 | J72: =H72*(1-I72) -> 356.77358 | K72: =J72*E72 -> 1070.3207
A74: 13 | C74: ESQUADRIAS - PORTAS | M74: =SUM(L75:L78) -> 25396.051
A75: 13.1 | C75: FORNECIMENTO E INSTALAÇÃO DE PORTA DE MADEIRA, REVESTIDA EM AMBAS AS FACES EM LAMINADO MELAMÍNICO, COR AZUL, NAS DIMENSÕES ABAIXO, INCLUÍNDO TODAS AS FERRAGENS NECESSÁRIAS PARA O CORRETO FUNCIONAMENTO | L75: =SUM(K76:K77) -> 18402.996
A76: 13.1.1 | B76: PESQUISA DE MERCADO | C76: PM1 | D76: un. | E76: 23 | F76: 627.9 | G76: 0.2212 | H76: =F76*(1+G76) -> 766.79148 | I76: =$I$245 -> 0 | J76: =H76*(1-I76) -> 766.79148 | K76: =J76*E76 -> 17636.204
A77: 13.1.2 | B77: PESQUISA DE MERCADO | C77: PM2 | D77: un. | E77: 1 | F77: 627.9 | G77: 0.2212 | H77: =F77*(1+G77) -> 766.79148 | I77: =$I$245 -> 0 | J77: =H77*(1-I77) -> 766.79148 | K77: =J77*E77 -> 766.79148
A78: 13.2 | C78: FORNECIMENTO E INSTALAÇÃO DE PORTA EM PERFIS DE ALUMÍNIO ANODIZADO NATURAL, NA DIMENSÃO ABAIXO, COM CAMADA ANÓDICA DE 25 MICRA DE ESPESSURA • REF.: “LINHA 30” DA “ALCOA”; • COR: PRETA; | L78: =SUM(K79:K81) -> 6993.0553
A79: 13.2.1 | B79: PESQUISA DE MERCADO | C79: PA1 | D79: un. | E79: 1 | F79: 1399.9 | G79: 0.2212 | H79: =F79*(1+G79) -> 1709.5579 | I79: =$I$245 -> 0 | J79: =H79*(1-I79) -> 1709.5579 | K79: =J79*E79 -> 1709.5579
A80: 13.2.2 | B80: PESQUISA DE MERCADO | C80: PA2 | D80: un. | E80: 1 | F80: 1107 | G80: 0.2212 | H80: =F80*(1+G80) -> 1351.8684 | I80: =$I$245 -> 0 | J80: =H80*(1-I80) -> 1351.8684 | K80: =J80*E80 -> 1351.8684
A81: 13.2.3 | B81: SINAPI - 39620 | C81: BARRA ANTIPANICO SIMPLES, COM FECHADURA LADO OPOSTO, COR CINZA | D81: un. | E81: 4 | F81: 804.87 | G81: 0.2212 | H81: =F81*(1+G81) -> 982.90724 | I81: =$I$245 -> 0 | J81: =H81*(1-I81) -> 982.90724 | K81: =J81*E81 -> 3931.629
A83: 14 | C83: ESQUADRIAS - JANELAS | M83: =L84 -> 42449.801
A84: 14.1 | C84: FORNECIMENTO E INSTALAÇÃO DE JANELAS EM PERFIS DE ALUMÍNIO ANODIZADO NATURAL, NAS DIMENSÕES ABAIXO, COM CAMADA ANÓDICA DE 25 MICRA DE ESPESSURA, INCLUÍNDO TODAS AS FERRAGENS NECESSÁRIAS PARA O CORRETO FUNCIONAMENTO • REF.: “LINHA 30” DA “ALCOA”; • COR: PRETA; | L84: =SUM(K85:K87) -> 42449.801
A85: 14.1.1 | B85: PESQUISA DE MERCADO | C85: JA1 | D85: un. | E85: 44 | F85: 733.66 | G85: 0.2212 | H85: =F85*(1+G85) -> 895.94559 | I85: =$I$245 -> 0 | J85: =H85*(1-I85) -> 895.94559 | K85: =J85*E85 -> 39421.606
A86: 14.1.2 | B86: PESQUISA DE MERCADO | C86: JA2 | D86: un. | E86: 2 | F86: 733.66 | G86: 0.2212 | H86: =F86*(1+G86) -> 895.94559 | I86: =$I$245 -> 0 | J86: =H86*(1-I86) -> 895.94559 | K86: =J86*E86 -> 1791.8912
A87: 14.1.3 | B87: SINAPI - 101154 | C87: REQUADROS - ALVENARIA DE VEDAÇÃO DE BLOCOS DE CONCRETO CELULAR DE 10X30X60CM (ESPESSURA 10CM) E ARGAMASSA DE ASSENTAMENTO COM PREPARO EM BETONEIRA | D87: m² | E87: 11.04 | F87: 91.7 | G87: 0.2212 | H87: =F87*(1+G87) -> 111.98404 | I87: =$I$245 -> 0 | J87: =H87*(1-I87) -> 111.98404 | K87: =J87*E87 -> 1236.3038
A89: 15 | C89: VIDROS | M89: =SUM(L90:L92) -> 17776.931
A90: 15.1 | B90: SINAPI - 84959 | C90: VIDRO LISO COMUM TRANSPARENTE, ESPESSURA 6MM | D90: m² | E90: 88 | F90: 144.71 | G90: 0.2212 | H90: =F90*(1+G90) -> 176.71985 | I90: =$I$245 -> 0 | J90: =H90*(1-I90) -> 176.71985 | K90: =J90*E90 -> 15551.347 | L90: =K90 -> 15551.347
A91: 15.2 | B91: SINAPI - 85002 | C91: VIDRO LISO JATEADO, ESPESSURA 6MM | D91: m² | E91: 4 | F91: 187.49 | G91: 0.2212 | H91: =F91*(1+G91) -> 228.96279 | I91: =$I$245 -> 0 | J91: =H91*(1-I91) -> 228.96279 | K91: =J91*E91 -> 915.85115 | L91: =K91 -> 915.85115
A92: 15.3 | B92: SINAPI - 74125/002 | C92: ESPELHO CRISTAL ESPESSURA 4MM, COM MOLDURA EM ALUMINIO E COMPENSADO 6MM PLASTIFICADO COLADO | L92: =SUM(K93:K94) -> 1309.7331
A93: 15.3.1 | C93: E1 | D93: m² | E93: 0.32 | F93: 362.33 | G93: 0.2212 | H93: =F93*(1+G93) -> 442.4774 | I93: =$I$245 -> 0 | J93: =H93*(1-I93) -> 442.4774 | K93: =J93*E93 -> 141.59277
A94: 15.3.2 | C94: E2 | D94: m² | E94: 2.64 | F94: 362.33 | G94: 0.2212 | H94: =F94*(1+G94) -> 442.4774 | I94: =$I$245 -> 0 | J94: =H94*(1-I94) -> 442.4774 | K94: =J94*E94 -> 1168.1403
A96: 16 | C96: LOUÇAS E METAIS (SANITÁRIOS/COPA) | L96: =SUM(K97:K112) -> 13088.284 | M96: =L96 -> 13088.284
A97: 16.1 | B97: PESQUISA DE MERCADO | C97: FORNECIMENTO E INSTALAÇÃO DE CUBA DE EMBUTIR EM AÇO INOX POLIDO, COM 40x34cm, • REF.: 94081506 "LAVINIA 40 BL" • FAB.: "TRAMONTINA" | D97: un. | E97: 1 | F97: 214 | G97: 0.2212 | H97: =F97*(1+G97) -> 261.3368 | I97: =$I$245 -> 0 | J97: =H97*(1-I97) -> 261.3368 | K97: =J97*E97 -> 261.3368
A98: 16.2 | B98: PESQUISA DE MERCADO | C98: FORNECIMENTO E INSTALAÇÃO DE CUBA DE SEMI-ENCAIXE, QUADRADA, COM 41x41cm, • COR.: "BRANCA" • LINHA: "CUBA DE SEMIENCAIXE Q2" / CÓD.: 73025 • FAB.: "CELITE" | D98: un. | E98: 3 | F98: 467.5 | G98: 0.2212 | H98: =F98*(1+G98) -> 570.911 | I98: =$I$245 -> 0 | J98: =H98*(1-I98) -> 570.911 | K98: =J98*E98 -> 1712.733
A99: 16.3 | B99: PESQUISA DE MERCADO | C99: FORNECIMENTO E INSTALAÇÃO DE LAVATÓRIO SEM COLUNA PARA PCD, COM 45,5x36cm, CONFORME NBR 9050. • COR.: "BRANCA" • LINHA: "IZY" / CÓD.: L.915.17 • FAB.: "DECA" | D99: un. | E99: 7 | F99: 95 | G99: 0.2212 | H99: =F99*(1+G99) -> 116.014 | I99: =$I$245 -> 0 | J99: =H99*(1-I99) -> 116.014 | K99: =J99*E99 -> 812.098
A100: 16.4 | B100: PESQUISA DE MERCADO | C100: FORNECIMENTO E INSTALAÇÃO DE TORNEIRA DE MESA EM METAL COM RABICHO, CONEXÕES E ACESSÓRIOS, • ACABAMENTO.: "CROMADA" • MOD.: “LINK - 1167.C.LNK”; • FAB.: "DECA" | D100: un. | E100: 1 | F100: 319.9 | G100: 0.2212 | H100: =F100*(1+G100) -> 390.66188 | I100: =$I$245 -> 0 | J100: =H100*(1-I100) -> 390.66188 | K100: =J100*E100 -> 390.66188
A101: 16.5 | B101: PESQUISA DE MERCADO | C101: FORNECIMENTO E INSTALAÇÃO DE TORNEIRA PARA BANHEIRO EM METAL TIPO AUTOMÁTICA, COM RABICHO, CONEXÕES E ACESSÓRIOS, • ACABAMENTO.: "CROMADA" • MOD.: “1173.C - DECAMATIC ECO”; • FAB.: "DECA" | D101: un. | E101: 9 | F101: 299.9 | G101: 0.2212 | H101: =F101*(1+G101) -> 366.23788 | I101: =$I$245 -> 0 | J101: =H101*(1-I101) -> 366.23788 | K101: =J101*E101 -> 3296.1409
A102: 16.6 | B102: PESQUISA DE MERCADO | C102: FORNECIMENTO E INSTALAÇÃO DE TORNEIRA COM ACIONAMENTO POR ALAVANCA, PARA BANHEIRO PCD EM METAL TIPO AUTOMÁTICA, COM RABICHO, CONEXÕES E ACESSÓRIOS, • ACABAMENTO.: "CROMADA" • MOD.: “1173.C.CONF - DECAMATIC ECO”; • FAB.: "DECA" | D102: un. | E102: 1 | F102: 579.9 | G102: 0.2212 | H102: =F102*(1+G102) -> 708.17388 | I102: =$I$245 -> 0 | J102: =H102*(1-I102) -> 708.17388 | K102: =J102*E102 -> 708.17388
A103: 16.7 | B103: PESQUISA DE MERCADO | C103: FORNECIMENTO E INSTALAÇÃO DE SIFÃO PARA COZINHA, BITOLA DE ENTRADA: DN 40 (G 1.1/2”) – SAÍDA TUBO DN 40 (38,1), CROMADO, • REF.: 00661006 • FAB.: "DOCOL" | D103: un. | E103: 1 | F103: 148.9 | G103: 0.2212 | H103: =F103*(1+G103) -> 181.83668 | I103: =$I$245 -> 0 | J103: =H103*(1-I103) -> 181.83668 | K103: =J103*E103 -> 181.83668
A104: 16.8 | B104: SINAPI - 86881 | C104: SIFÃO DO TIPO GARRAFA EM METAL CROMADO 1 X 1.1/2" - FORNECIMENTO E INSTALAÇÃO. | D104: un. | E104: 10 | F104: 154.6 | G104: 0.2212 | H104: =F104*(1+G104) -> 188.79752 | I104: =$I$245 -> 0 | J104: =H104*(1-I104) -> 188.79752 | K104: =J104*E104 -> 1887.9752
A105: 16.9 | B105: PESQUISA DE MERCADO | C105: FORNECIMENTO E INSTALAÇÃO DE VÁLVULA DE ESCOAMENTO PARA CUBAS EM AÇO INOX E POLIPROPILENO, DIÂMETRO 3 1/2", • REF.: 94510112 • FAB.: "TRAMONTINA" | D105: un. | E105: 1 | F105: 34.9 | G105: 0.2212 | H105: =F105*(1+G105) -> 42.61988 | I105: =$I$245 -> 0 | J105: =H105*(1-I105) -> 42.61988 | K105: =J105*E105 -> 42.61988
A106: 16.10 | B106: SINAPI - 86877 | C106: VÁLVULA EM METAL CROMADO 1.1/2" X 1.1/2" PARA TANQUE OU LAVATÓRIO, COM OU SEM LADRÃO - FORNECIMENTO E INSTALAÇÃO. | D106: un. | E106: 10 | F106: 24.2 | G106: 0.2212 | H106: =F106*(1+G106) -> 29.55304 | I106: =$I$245 -> 0 | J106: =H106*(1-I106) -> 29.55304 | K106: =J106*E106 -> 295.5304
A107: 16.11 | B107: PESQUISA DE MERCADO | C107: FORNECIMENTO E INSTALAÇÃO DE BACIA SANITÁRIA CONVENCIONAL COM ASSENTO, CONFORME NBR 9050 • MOD.: "ECOFLUSH" • COR: "BRANCA" • FAB.: "CELITE" | D107: un. | E107: 4 | F107: 329.9 | G107: 0.2212 | H107: =F107*(1+G107) -> 402.87388 | I107: =$I$245 -> 0 | J107: =H107*(1-I107) -> 402.87388 | K107: =J107*E107 -> 1611.4955
A108: 16.12 | B108: SINAPI - 38190 | C108: FORNECIMENTO E INSTALAÇÃO DE DUCHA METALICA DE PAREDE, ARTICULAVEL, COM DESVIADOR E DUCHA MANUAL | D108: un. | E108: 1 | F108: 348.21 | G108: 0.2212 | H108: =F108*(1+G108) -> 425.23405 | I108: =$I$245 -> 0 | J108: =H108*(1-I108) -> 425.23405 | K108: =J108*E108 -> 425.23405
... A112: 16.16 | B112: SINAPI - 36801 | C112: ACABAMENTO CROMADO PARA REGISTRO PEQUENO, 1/2" OU 3/4" | D112: un. | E112: 11 | F112: 18.01 | G112: 0.2212 | H112: =F112*(1+G112) -> 21.993812 | I112: =$I$245 -> 0 | J112: =H112*(1-I112) -> 21.993812 | K112: =J112*E112 -> 241.93193
A114: 17 | C114: DIVERSOS | L114: =SUM(K115:K118) -> 796.67424 | M114: =L114 -> 796.67424
A115: 17.1 | B115: SINAPI - 37401 | C115: TOALHEIRO PLASTICO TIPO DISPENSER PARA PAPEL TOALHA INTERFOLHADO | D115: un. | E115: 4 | F115: 39.56 | G115: 0.2212 | H115: =F115*(1+G115) -> 48.310672 | I115: =$I$245 -> 0 | J115: =H115*(1-I115) -> 48.310672 | K115: =J115*E115 -> 193.24269
A116: 17.2 | B116: SINAPI - 37400 | C116: PAPELEIRA PLASTICA TIPO DISPENSER PARA PAPEL HIGIENICO ROLAO | D116: un. | E116: 4 | F116: 39.56 | G116: 0.2212 | H116: =F116*(1+G116) -> 48.310672 | I116: =$I$245 -> 0 | J116: =H116*(1-I116) -> 48.310672 | K116: =J116*E116 -> 193.24269
A117: 17.3 | B117: SINAPI - 95547 | C117: SABONETEIRA PLASTICA TIPO DISPENSER PARA SABONETE LIQUIDO COM RESERVATORIO 800 A 1500 ML, INCLUSO FIXAÇÃO. | D117: un. | E117: 4 | F117: 49 | G117: 0.2212 | H117: =F117*(1+G117) -> 59.8388 | I117: =$I$245 -> 0 | J117: =H117*(1-I117) -> 59.8388 | K117: =J117*E117 -> 239.3552
A118: 17.4 | B118: PESQUISA DE MERCADO | C118: FORNECIMENTO E INSTALAÇÃO DE CHAPA EM INOX POLIDO PARA PROTEÇÃO DE IMPACTO NA PORTA, COM 1mm DE ESPESSURA, CONFORME NBR 9050 | D118: un. | E118: 1 | F118: 139.89 | G118: 0.2212 | H118: =F118*(1+G118) -> 170.83367 | I118: =$I$245 -> 0 | J118: =H118*(1-I118) -> 170.83367 | K118: =J118*E118 -> 170.83367
A120: 18 | C120: INSTALAÇÕES SANITÁRIAS - HIDRÁULICA | L120: =SUM(K121:K142) -> 3762.102 | M120: =L120 -> 3762.102
...

Sheet Cronograma
A1: (razão social da empresa licitante)
A2: (n.º do CNPJ)
A3: ANEXO III-B DO EDITAL DE LICITAÇÃO POR RDC ELETRÔNICO N.º 12/2020
A4: MODELO DE PLANILHA DE CRONOGRAMA FÍSICO FINANCEIRO
A5: OBRA: execução de obra para adequação de espaço dos pilotis do Bloco A, localizado no Campus do Gragoatá da Universidade Federal Fluminense.
A6: LOCAL: Avenida Visconde do Rio Branco s/n.º, bairro de São Domingos, Niterói - RJ
A8: ITEM | B8: DISCRIMINAÇÃO DO SERVIÇO | C8: VALOR (R$) | D8: % | E8: MÊS | AC8: SALDO (R$)
E9: MÊS 1 | I9: MÊS 2 | M9: MÊS 3 | Q9: MÊS 4 | U9: MÊS 5 | Y9: MÊS 6
A10: 1 | B10: SERVIÇOS PRELIMINARES | C10: =Orçamento!$M$11 -> 24556.256 | D10: =C10/C$52 -> 0.030824028 | E10: 0.68 | U10: 0.16 | Y10: 0.16 | AC10: =$C$52-SUM(E11:AB11) -> 772103.29
E11: =C10*E10 -> 16698.254 | U11: =U10*C10 -> 3929.001 | Y11: =Y10*C10 -> 3929.001
A12: 2 | B12: ADMINISTRAÇÃO LOCAL DE OBRA | C12: =Orçamento!$M$17 -> 107811.6 | D12: =C12/C$52 -> 0.13532957 | E12: =E$56 -> 0.10926578 | I12: =I$56 -> 0.22849785 | M12: =M$56 -> 0.17232499 | Q12: =Q$56 -> 0.20323116 | U12: =U$56 -> 0.2407747 | Y12: =Y$56 -> 0.045905528 | AC12: =AC10-SUM(E13:AB13) -> 664291.69
E13: =E12*$C$12 -> 11780.118 | I13: =I12*$C$12 -> 24634.718 | M13: =M12*$C$12 -> 18578.632 | Q13: =Q12*$C$12 -> 21910.676 | U13: =U12*$C$12 -> 25958.305 | Y13: =Y12*$C$12 -> 4949.1483
A14: 3 | B14: DEMOLIÇÃO | C14: =Orçamento!$M$20 -> 1776.0622 | D14: =C14/C$52 -> 0.0022293868 | F14: 1 | AC14: =AC12-SUM(E15:AB15) -> 662515.63
E15: =C14 -> 1776.0622
A16: 4 | B16: ESTRUTURAS | C16: =Orçamento!$M$25 -> 95178.71 | D16: =C16/C$52 -> 0.11947225 | H16: 0.25 | I16: 0.75 | AC16: =AC14-SUM(E17:AB17) -> 567336.92
E17: =C16*H16 -> 23794.677 | I17: =I16*C16 -> 71384.032
A18: 5 | B18: PISOS | C18: =Orçamento!$M$34 -> 65997.028 | D18: =C18/C$52 -> 0.082842199 | G18: 0.5 | I18: 0.5 | AC18: =AC16-SUM(E19:AB19) -> 501339.89
E19: =C18*G18 -> 32998.514 | I19: =C18*I18 -> 32998.514
A20: 6 | B20: PAREDES E PAINÉIS | C20: =Orçamento!$M$41 -> 181436.78 | D20: =C20/C$52 -> 0.22774695 | K20: 0.2 | M20: 0.3 | Q20: 0.3 | W20: 0.2 | AC20: =AC18-SUM(E21:AB21) -> 319903.11
I21: =K20*C20 -> 36287.356 | M21: =M20*C20 -> 54431.034 | Q21: =C20*Q20 -> 54431.034 | U21: =C20*W20 -> 36287.356
A22: 7 | B22: PINTURA | C22: =Orçamento!$M$52 -> 19975.901 | D22: =C22/C$52 -> 0.025074577 | Y22: 1 | AC22: =AC20-SUM(E23:AB23) -> 299927.21
Y23: =Y22*C22 -> 19975.901
A24: 8 | B24: IMPERMEABILIZAÇÃO | C24: =Orçamento!$M$56 -> 6147.8261 | D24: =C24/C$52 -> 0.0077170055 | K24: 0.5 | M24: 0.5 | AC24: =AC22-SUM(E25:AB25) -> 293779.38
I25: =C24*K24 -> 3073.9131 | M25: =C24*M24 -> 3073.9131
A26: 9 | B26: TETOS E FORROS | C26: =Orçamento!$M$61 -> 24273.195 | D26: =C26/C$52 -> 0.030468718 | T26: 0.25 | U26: 0.75 | AC26: =AC24-SUM(E27:AB27) -> 269506.19
Q27: =C26*T26 -> 6068.2987 | U27: =C26*U26 -> 18204.896
A28: 10 | B28: RODAPÉ | C28: =Orçamento!$M$64 -> 3705.9512 | D28: =C28/C$52 -> 0.0046518632 | T28: 0.25 | U28: 0.75 | AC28: =AC26-SUM(E29:AB29) -> 265800.24
Q29: =C28*T28 -> 926.4878 | U29: =C28*U28 -> 2779.4634
A30: 11 | B30: SOLEIRA | C30: =Orçamento!$M$67 -> 2472.6552 | D30: =C30/C$52 -> 0.0031037791 | K30: 0.65 | M30: 0.35 | AC30: =AC28-SUM(E31:AB31) -> 263327.58
I31: =K30*C30 -> 1607.2259 | M31: =M30*C30 -> 865.42933
A32: 12 | B32: BANCADAS | C32: =Orçamento!$M$70 -> 1800.9769 | D32: =C32/C$52 -> 0.0022606607 | P32: 0.5 | Q32: 0.5 | AC32: =AC30-SUM(E33:AB33) -> 261526.6
M33: =C32*P32 -> 900.48846 | Q33: =C32*Q32 -> 900.48846
A34: 13 | B34: ESQUADRIAS - PORTAS | C34: =Orçamento!$M$74 -> 25396.051 | D34: =C34/C$52 -> 0.031878173 | U34: 1 | AC34: =AC32-SUM(E35:AB35) -> 236130.55
U35: =C34*U34 -> 25396.051
A36: 14 | B36: ESQUADRIAS - JANELAS | C36: =Orçamento!$M$83 -> 42449.801 | D36: =C36/C$52 -> 0.053284745 | N36: 0.5 | Q36: 0.5 | AC36: =AC34-SUM(E37:AB37) -> 193680.75
M37: =C36*N36 -> 21224.901 | Q37: =C36*Q36 -> 21224.901
A38: 15 | B38: VIDROS | C38: =Orçamento!$M$89 -> 17776.931 | D38: =C38/C$52 -> 0.022314339 | U38: 1 | AC38: =AC36-SUM(E39:AB39) -> 175903.82
U39: =C38*U38 -> 17776.931
A40: 16 | B40: LOUÇAS E METAIS (SANITÁRIOS/COPA) | C40: =Orçamento!$M$96 -> 13088.284 | D40: =C40/C$52 -> 0.016428956 | W40: 0.5 | Y40: 0.5 | AC40: =AC38-SUM(E41:AB41) -> 162815.54
U41: =C40*W40 -> 6544.1421 | Y41: =C40*Y40 -> 6544.1421
A42: 17 | B42: DIVERSOS | C42: =Orçamento!$M$114 -> 796.67424 | D42: =C42/C$52 -> 0.0010000185 | Z42: 1 | AC42: =AC40-SUM(E43:AB43) -> 162018.86
Y43: =C42*Z42 -> 796.67424
A44: 18 | B44: INSTALAÇÕES SANITÁRIAS - HIDRÁULICA | C44: =Orçamento!$M$120 -> 3762.102 | D44: =C44/C$52 -> 0.004722346 | N44: 0.3 | Q44: 0.5 | U44: 0.1 | Z44: 0.1 | AC44: =AC42-SUM(E45:AB45) -> 158256.76
M45: =C44*N44 -> 1128.6306 | Q45: =C44*Q44 -> 1881.051 | U45: =C44*U44 -> 376.2102 | Y45: =C44*Z44 -> 376.2102
A46: 19 | B46: INSTALAÇÕES SANITÁRIAS - ESGOTO | C46: =Orçamento!$M$144 -> 24098.465 | D46: =C46/C$52 -> 0.030249389 | K46: 0.5 | M46: 0.5 | AC46: =AC44-SUM(E47:AB47) -> 134158.3
I47: =C46*K46 -> 12049.232 | M47: =C46*M46 -> 12049.232
A48: 20 | B48: INSTALAÇÕES ELÉTRICAS | C48: =Orçamento!$M$168 -> 125160.42 | D48: =C48/C$52 -> 0.15710654 | M48: 0.2 | Q48: 0.4 | U48: 0.4 | AC48: =AC46-SUM(E49:AB49) -> 8997.8749
M49: =C48*M48 -> 25032.084 | Q49: =C48*Q48 -> 50064.169 | U49: =C48*U48 -> 50064.169
A50: 21 | B50: REDE DE CABEAMENTO ESTRUTURADO | C50: =Orçamento!$M$233 -> 8997.8749 | D50: =C50/C$52 -> 0.011294505 | Q50: 0.5 | U50: 0.5 | AC50: =AC48-SUM(E51:AB51) -> -8.9130481e-11
Q51: =C50*Q50 -> 4498.9374 | U51: =C50*U50 -> 4498.9374
A52: TOTAL GERAL (R$) | C52: =SUM(C10:C51) -> 796659.54 | D52: =SUM(D10:D51) -> 1
A53: TOTAL S/ ADMINISTRAÇÃO LOCAL (R$) | C53: =C52-C12 -> 688847.95
A54: Medição Mensal de Serviços (R$) | E54: =E51+E49+E47+E45+E43+E41+E39+E37+E35+E33+E31+E29+E27+E25+E23+E21+E19+E17+E15+E11 -> 75267.508 | I54: =I51+I49+I47+I45+I43+I41+I39+I37+I35+I33+I31+I29+I27+I25+I23+I21+I19+I17+I15+I11 -> 157400.27 | M54: =M51+M49+M47+M45+M43+M41+M39+M37+M35+M33+M31+M29+M27+M25+M23+M21+M19+M17+M15+M11 -> 118705.71 | Q54: =Q51+Q49+Q47+Q45+Q43+Q41+Q39+Q37+Q35+Q33+Q31+Q29+Q27+Q25+Q23+Q21+Q19+Q17+Q15+Q11 -> 139995.37 | U54: =U51+U49+U47+U45+U43+U41+U39+U37+U35+U33+U31+U29+U27+U25+U23+U21+U19+U17+U15+U11 -> 165857.16 | Y54: =Y51+Y49+Y47+Y45+Y43+Y41+Y39+Y37+Y35+Y33+Y31+Y29+Y27+Y25+Y23+Y21+Y19+Y17+Y15+Y11 -> 31621.929
A55: Acumulado de Serviços (R$) | E55: =E54 -> 75267.508 | I55: =E55+I54 -> 232667.78 | M55: =I55+M54 -> 351373.49 | Q55: =M55+Q54 -> 491368.86 | U55: =Q55+U54 -> 657226.02 | Y55: =U55+Y54 -> 688847.95
A56: % Mensal de Serviços | E56: =E54/$C$53 -> 0.10926578 | I56: =I54/$C$53 -> 0.22849785 | M56: =M54/$C$53 -> 0.17232499 | Q56: =Q54/$C$53 -> 0.20323116 | U56: =U54/$C$53 -> 0.2407747 | Y56: =Y54/$C$53 -> 0.045905528 | AC56: =SUM(E56:AB56) -> 1
A57: Medição Mensal (Serviços + Administração Local) (R$) | E57: =E51+E49+E47+E45+E43+E41+E39+E37+E35+E33+E31+E29+E27+E25+E23+E21+E19+E17+E15+E13+E11 -> 87047.626 | I57: =I51+I49+I47+I45+I43+I41+I39+I37+I35+I33+I31+I29+I27+I25+I23+I21+I19+I17+I15+I13+I11 -> 182034.99 | M57: =M51+M49+M47+M45+M43+M41+M39+M37+M35+M33+M31+M29+M27+M25+M23+M21+M19+M17+M15+M13+M11 -> 137284.34 | Q57: =Q51+Q49+Q47+Q45+Q43+Q41+Q39+Q37+Q35+Q33+Q31+Q29+Q27+Q25+Q23+Q21+Q19+Q17+Q15+Q13+Q11 -> 161906.04 | U57: =U51+U49+U47+U45+U43+U41+U39+U37+U35+U33+U31+U29+U27+U25+U23+U21+U19+U17+U15+U13+U11 -> 191815.46 | Y57: =Y51+Y49+Y47+Y45+Y43+Y41+Y39+Y37+Y35+Y33+Y31+Y29+Y27+Y25+Y23+Y21+Y19+Y17+Y15+Y13+Y11 -> 36571.077
A58: Acumulado Mensal (Serviços + Administração Local) (R$) | E58: =E57 -> 87047.626 | I58: =I57+E58 -> 269082.62 | M58: =M57+I58 -> 406366.96 | Q58: =Q57+M58 -> 568273.01 | U58: =U57+Q58 -> 760088.47 | Y58: =Y57+U58 -> 796659.54
A59: % Mensal (Serviços + Administração Local) | E59: =E57/$C$52 -> 0.10926578 | I59: =I57/$C$52 -> 0.22849785 | M59: =M57/$C$52 -> 0.17232499 | Q59: =Q57/$C$52 -> 0.20323116 | U59: =U57/$C$52 -> 0.2407747 | Y59: =Y57/$C$52 -> 0.045905528 | AC59: =SUM(E59:AB59) -> 1
A60: % Acumulado | E60: =E59 -> 0.10926578 | I60: =E60+I59 -> 0.33776363 | M60: =I60+M59 -> 0.51008861 | Q60: =M60+Q59 -> 0.71331977 | U60: =Q60+U59 -> 0.95409447 | Y60: =U60+Y59 -> 1
A61: Local e data: | F61: Responsável legal da empresa e carimbo de CNPJ
A62: Responsável Técnico pelo Orçamento: | D62: CREA/CAU:
A63: OBSERVAÇÃO
B64: - A planilha deve ser assinada pelo responsável técnico pela sua confecção (Art. 14 Lei 5.194/66), identificado através de carimbo com número do CREA/CAU
